 Dungeon Crawl Stone Soup version 0.20-a0-959-gdc9e609 (webtiles) character file.

43 Firecrotchwizard the Poker (level 3, -1/29 HPs)
             Began as a Merfolk Fighter on Apr 6, 2017.
             Splashed by a jelly's acid (2 damage)
             ... on level 3 of the Dungeon.
             The game lasted 00:03:48 (1671 turns).

Firecrotchwizard the Poker (Merfolk Fighter)        Turns: 1671, Time: 00:03:48

Health: -1/29      AC: -2    Str: 16    XL:     3   Next: 58%
Magic:  3/3        EV:  7    Int: 12    God:
Gold:   62         SH:  9    Dex: 14    Spells: 2/2 levels left

rFire    . . .     SeeInvis .   a - +0 trident
rCold    . . .     Gourm    .   c - +0 shield
rNeg     . . .     Faith    +   v - +0 ring mail
rPois    .         Spirit   .   (no helmet)
rElec    .         Reflect  .   (no cloak)
rCorr    .         Harm     .   (no gloves)
MR       .....                  (no boots)
Stlth    +.........             p - amulet of faith
Regen    0.1/turn               s - +5 ring of intelligence
MPRegen  0.1/turn               (no ring)

@: corroded
A: change form in water, swift swim, stealthy swim
a: no special abilities


You were on level 3 of the Dungeon.
You were not hungry.

You visited 1 branch of the dungeon, and saw 3 of its levels.

You collected 62 gold pieces.

Inventory:

Hand Weapons
 a - a +0 trident (weapon)
Missiles
 h - a throwing net (quivered)
Armour
 b - a +0 scale mail
 c - a +0 shield (worn)
 u - +0 fire dragon scales
 v - a +0 ring mail (worn)
Jewellery
 p - an amulet of faith (around neck)
 s - a +5 ring of intelligence (left hand)
Scrolls
 e - 2 scrolls of teleportation {unknown}
 i - a scroll of fog {unknown}
 j - a scroll of recharging {unknown}
 l - a scroll of identify {unknown}
 o - 2 scrolls of magic mapping {unknown}
 q - a scroll of amnesia {unknown}
 t - a scroll of remove curse {unknown}
Potions
 d - a potion of might
 k - a potion of curing {unknown}
 m - a potion of magic {unknown}
 n - a potion of heal wounds {unknown}
 r - 2 potions of flight {unknown}
Comestibles
 f - 4 bread rations
 g - a royal jelly
 w - a chunk of flesh


   Skills:
 - Level 3.2 Fighting
 * Level 5.6 Polearms
 - Level 2.1 Armour
 - Level 3.0 Shields


You had 2 spell levels left.
You didn't know any spells.

Dungeon Overview and Level Annotations

Branches:
Dungeon (3/15)

Altars:
Cheibriados


Message History

Your shield prevents you from hitting the jelly.
You hit the jelly.
Your hands burn!
The jelly is lightly wounded.
You block the jelly's attack.
You hit the jelly.
Your hands burn!
The jelly is heavily wounded.
You block the jelly's attack.
You hit the jelly. The acid corrodes you!
Your hands burn!
The jelly is severely wounded.
The jelly hits you. The acid corrodes you!
You are splashed with acid!
The acid burns!
* * * LOW HITPOINT WARNING * * *
You are too injured to fight recklessly!
You are too injured to fight recklessly!
You hit the jelly but do no damage.
Your hands burn!
* * * LOW HITPOINT WARNING * * *
The jelly is severely wounded.
You block the jelly's attack.
You hit the jelly. The acid corrodes you!
Your hands burn!
You die...

######.##
#.......#
#......!#
#.......#
#?......#
#.......#
#..J....###
#..@†.....+
#####...####
#.....<.#
#.###.#.#
#.#.# #.#.#
..#.# .##.#
#. .#


You could see a jelly.

Vanquished Creatures
  3 worms (D:2)
  A dart slug (D:1)
  A leopard gecko (D:2)
  3 bats
  3 giant cockroaches
  4 goblins
  6 hobgoblins
  3 kobolds
  A ball python (D:1)
  A frilled lizard (D:2)
  5 rats
31 creatures vanquished.

Notes
Turn   | Place    | Note
-------+----------+-------------------------------------------
     0 | D:1      | Firecrotchwizard the Merfolk Fighter began the quest for the Orb.
     0 | D:1      | Reached XP level 1. HP: 18/18 MP: 1/1
    99 | D:1      | Reached skill level 4 in Polearms
    99 | D:1      | Reached XP level 2. HP: 18/24 MP: 2/2
   643 | D:2      | Found a faded altar of an unknown god.
   680 | D:2      | Reached XP level 3. HP: 28/29 MP: 3/3
   733 | D:2      | Reached skill level 5 in Polearms
   771 | D:2      | Found a snail-covered altar of Cheibriados.
  1670 | D:3      | HP: 1/29 [acid (4)]
  1671 | D:3      | Splashed by a jelly's acid

Vault maps used:
D:1:      dpeg_arrival_lava_temple_mockup
D:2:      cheibriados_altar_1, chequers_ecumenical_altar_island
D:3:      grunt_temple_overflow_order_and_chaos_2,
          gammafunk_temple_overflow_statue

Skill      XL: |  1  2  3 |
---------------+----------+-----
Polearms       | 4 5 |  5.6
Fighting       | |  3.2
Armour         | |  2.1
Shields        | |  3.0

Action                   || total
-------------------------++-------
Melee: Trident           ||   116
  Eat: Chunk             ||     2
Armor: Scale mail        ||    24
Dodge: Dodged            ||    11
Block: Shield            ||    32
